Map: Lerilak Crest

Players

cmoney

  • Race: Terran Terran
  • League: Grandmaster

Deltice

  • Race: Terran Terran
  • League: Silver

FAir - Winner!

  • Race: Terran Terran
  • League: Gold

scretious - Winner!

  • Race: Terran Terran
  • League: Silver

VOD

Have the link to the VOD?

Description

Time

  • Played on: Oct. 17, 2015, 2:25 p.m.
  • Length: 13:17
Show
View Real Time Build Order
Export as new Build Order

cmoney Terran 

Build Orders: Bio Tank, MMM Bio 

Get SALT Encoding   

  12  0:01  SCV  
  13  0:13  SCV  
  14  0:18  Supply Depot  
  14  0:25  SCV  
  15  0:40  SCV  
  16  0:42  Barracks  
  16  0:51  Refinery  
  16  0:52  SCV  
  17  1:05  SCV  
  18  1:17  SCV  
  19  1:26  Refinery  
  20  1:36  Orbital Command  
  20  1:37  Marine  
  20  1:44  Supply Depot  
  20  1:55  Marine  
  20  1:56  Factory  
  21  2:02  SCV  
  22  2:11  Barracks  
  22  2:13  Marine  
  23  2:20  SCV  
  24  2:32  SCV  
  24  2:33  Barracks Tech Lab  
  25  2:44  SCV  
  26  2:57  SCV  
  27  3:00  Siege Tank  
  27  3:02  Marine  
  31  3:07  Supply Depot  
  31  3:09  Marine  
  31  3:10  SCV  
  31  3:11  Barracks  
  33  3:20  Marine  
  34  3:29  Marine  
  34  3:32  Siege Tank  
  38  3:37  Marine  
  39  3:41  SCV  
  39  3:46  Marine  
  39  3:48  Supply Depot  
  41  3:54  SCV  
  41  3:55  Marine  
  42  3:59  Marine  
  44  4:04  Siege Tank  
  44  4:09  SCV, Marine  
  49  4:10  Supply Depot  
  49  4:13  Marine  
  49  4:19  Marine  
  45  4:37  Command Center  
  45  4:38  SCV  
  45  4:40  Barracks Tech Lab x2  
  45  4:42  Barracks Reactor  
  44  4:46  Siege Tank  
  39  5:00  SCV  
  39  5:12  Command Center, Marauder  
  39  5:14  SCV  
  42  5:20  Siege Tank  
  45  5:30  Marine x2  
  45  5:32  Combat Shields  
  45  5:33  Stimpack  
  47  5:45  Starport  
  47  5:47  SCV  
  47  5:49  Marauder  
  50  5:50  Marine  
  51  6:09  Orbital Command  
  51  6:12  SCV, Engineering Bay x2  
  51  6:16  Siege Tank  
  55  6:24  SCV  
  55  6:25  Starport Reactor  
  56  6:36  SCV  
  56  6:39  Terran Infantry Weapons Level 1, Terran Infantry Armor Level 1  
  57  6:40  SCV  
  58  6:48  SCV  
  58  6:52  Planetary Fortress  
  58  6:53  Marine  
  58  6:54  Marine x3  
  50  7:11  Marine x2  
  52  7:34  Marine x2  
  56  7:43  Medivac  
  56  7:49  SCV x3  
  57  8:00  Medivac  
  57  8:02  Marine x2  
  57  8:03  Marine  
  58  8:20  Marine  
  58  8:21  SCV x2  
  58  8:22  SCV  
  58  8:24  Refinery  
  58  8:27  Refinery  
  61  8:39  Hellion x2  
  65  8:41  Refinery  
  65  8:44  Refinery  
  65  8:46  SCV x2  
  65  8:47  SCV  
  68  8:58  SCV x2  
  68  9:00  Hellion x2  
  68  9:01  SCV  
  75  9:03  Viking x2  
  79  9:10  SCV  
  79  9:12  Marine  
  81  9:21  SCV x2, Factory  
  81  9:22  Hellion x2  
  81  9:23  Concussive Shells  
  87  9:29  SCV  
  88  9:31  Armory  
  88  9:33  SCV x2  
  90  9:40  Medivac  
  90  9:41  SCV  
  90  9:44  Medivac  
  93  9:53  SCV x2, Marine x2  
  93  9:55  Supply Depot  
  93  9:59  Supply Depot  
  97  10:05  Factory Tech Lab  
  97  10:10  Medivac  
  97  10:14  SCV x2, Medivac  
  97  10:16  SCV  
  97  10:18  Supply Depot  
  97  10:20  Terran Vehicle Weapons Level 1  
  99  10:26  SCV  
  99  10:28  Hellion x2, Siege Tank  
  107  10:29  Marine  
  107  10:31  Marine  
  109  10:41  Marine  
  110  10:46  Medivac  
  110  10:48  Marauder  
  110  10:49  Marauder  
  116  10:51  SCV  
  117  10:59  Marine  
  118  11:08  Marine  
  119  11:24  Command Center  
  111  11:28  Marauder, Marine x2  
  111  11:30  Medivac  
  85  11:45  Hellion x2  
  85  11:46  Marauder x2  
  87  11:48  Factory  
  87  11:49  Marine  
  88  11:57  Siege Tank  
  88  11:59  Viking  
  88  12:00  Viking  
  95  12:03  SCV x2  
  95  12:06  SCV  
  95  12:07  Marine  
  97  12:17  Marine  
  97  12:18  Marauder  
  97  12:19  Hellion  
  95  12:25  Marauder  
  96  12:35  Marine  
  96  12:36  SCV x2  
  91  12:37  Orbital Command  
  91  12:39  Marine  
  92  12:44  Factory Tech Lab  
  92  12:45  Siege Tank  
  92  12:47  Marauder  
  92  12:49  Hellion x2  
  100  12:52  Marine  
Show
View Real Time Build Order
Export as new Build Order

Deltice Terran 

Build Orders: Hellion Opening, Mech 

Get SALT Encoding   

  12  0:01  SCV  
  13  0:13  SCV  
  14  0:17  Supply Depot  
  14  0:25  SCV  
  15  0:38  SCV  
  15  0:41  Barracks  
  16  0:48  Refinery  
  16  0:50  SCV  
  17  1:04  SCV  
  18  1:16  SCV  
  19  1:33  Marine, Orbital Command  
  20  1:42  Command Center  
  20  1:52  Factory  
  20  2:03  Supply Depot  
  20  2:05  SCV  
  21  2:09  Barracks Reactor  
  21  2:17  SCV  
  22  2:32  SCV  
  23  2:46  SCV  
  26  2:51  Hellion x2  
  26  2:56  Starport, Orbital Command  
  29  2:58  SCV  
  29  3:10  SCV  
  32  3:13  Hellion x2  
  32  3:17  Orbital Command  
  34  3:20  Refinery  
  34  3:22  SCV  
  35  3:35  SCV  
  35  3:37  Factory  
  38  3:41  Hellion x2  
  38  3:43  SCV  
  38  3:48  SCV, Viking  
  44  3:55  SCV, Supply Depot  
  45  4:00  SCV  
  46  4:05  Barracks Tech Lab  
  46  4:08  Hellion  
  50  4:17  SCV x2, Hellion  
  50  4:19  Supply Depot  
  50  4:24  Starport Reactor  
  50  4:29  Hellion  
  52  4:36  SCV x2  
  59  4:38  Hellion, Siege Tank  
  57  4:51  Hellion  
  54  4:59  SCV x2  
  54  5:00  Hellion  
  54  5:10  Siege Tank  
  54  5:11  SCV x2  
  54  5:12  Hellion  
  62  5:21  Hellion  
  62  5:23  SCV x2  
  62  5:27  Medivac x2  
  63  5:35  SCV x2, Refinery  
  65  5:47  SCV x2  
  67  5:50  Supply Depot  
  67  5:51  Supply Depot  
  67  5:54  Engineering Bay  
  67  5:57  Armory  
  67  5:59  SCV x2  
  69  6:05  Refinery  
  69  6:11  SCV  
  69  6:12  Hellion x2, Siege Tank  
  69  6:13  Command Center  
  69  6:17  SCV  
  78  6:23  SCV  
  79  6:35  SCV  
  79  6:36  SCV  
  79  6:38  Hellion  
  79  6:39  Hellion  
  85  6:40  Factory  
  85  6:42  Factory  
  85  6:50  Terran Vehicle And Ship Armor Level 1  
  85  6:51  SCV  
  86  6:58  Supply Depot  
  86  6:59  Supply Depot  
  86  7:03  Missile Turret x2  
  86  7:14  Missile Turret  
  86  7:16  Supply Depot x2  
  86  7:20  Thor, Hellion x2, SCV x2, Medivac  
  100  7:30  Factory Tech Lab, Factory Reactor  
  100  7:37  Command Center, Starport  
  100  7:39  SCV x2, Orbital Command, Armory  
  100  7:43  Supply Depot  
  99  7:50  Refinery  
  99  7:51  Refinery  
  99  7:54  Siege Tank  
  99  7:55  Hellion x2  
  106  7:59  SCV x2  
  108  8:09  Hellion x2  
  108  8:11  SCV  
  108  8:12  Infernal Pre-Igniter  
  113  8:14  Medivac  
  115  8:23  SCV  
  115  8:24  SCV  
  114  8:30  Liberator  
  114  8:31  SCV  
  114  8:32  Missile Turret  
  115  8:34  Starport Tech Lab  
  115  8:38  Terran Ship Weapons Level 1  
  115  8:42  SCV  
  115  8:43  SCV  
  115  8:44  Starport, Terran Vehicle Weapons Level 1  
  115  8:48  Medivac  
  122  8:50  Orbital Command  
  122  8:54  Hellion x2  
  124  9:06  Missile Turret  
  124  9:07  SCV, Orbital Command  
  125  9:11  SCV  
  125  9:12  SCV  
  125  9:13  Hellion  
  125  9:14  Siege Tank, Hellion, Refinery  
  125  9:15  Siege Tank  
  133  9:19  Refinery  
  133  9:28  Hellion x2  
  135  9:38  Missile Turret  
  135  9:39  Supply Depot  
  135  9:40  Fusion Core  
  135  9:41  Sensor Tower, Missile Turret  
  135  9:43  SCV  
  135  9:45  SCV x3  
  139  9:48  Hellion  
  139  9:49  Liberator  
  141  10:00  Missile Turret  
  141  10:01  Factory  
  141  10:03  Factory  
  141  10:06  Medivac  
  144  10:08  Viking x2  
  144  10:10  Hellion x2  
  144  10:11  Hellion  
  154  10:19  Hellion  
  156  10:28  Command Center  
  156  10:32  Terran Vehicle And Ship Armor Level 2, Weapon Refit  
  156  10:38  Terran Ship Weapons Level 2, Thor  
  156  10:42  Starport Tech Lab  
  162  10:44  Command Center  
  162  10:49  Factory Tech Lab  
  162  10:50  Factory Tech Lab  
  162  11:00  Missile Turret  
  162  11:01  Missile Turret  
  162  11:03  Missile Turret  
  162  11:07  Hellion  
  164  11:15  Behemoth Reactor  
  164  11:17  Supply Depot x2  
  164  11:18  Supply Depot  
  164  11:19  Supply Depot  
  164  11:20  Viking x2  
  164  11:21  Hellion x2  
  168  11:38  Hellion  
  168  11:39  Thor x2  
  176  11:41  Battlecruiser x2  
  194  12:04  Orbital Command  
  192  12:17  Command Center  
  192  12:18  Refinery  
  192  12:21  Refinery  
  186  12:23  Missile Turret x3  
  186  12:26  Missile Turret  
  186  12:43  Missile Turret  
  186  12:46  Hellion x3, Missile Turret  
  186  12:50  Starport  
  193  12:51  Starport  
Show
View Real Time Build Order
Export as new Build Order

FAir Terran - Winner!

Build Orders:  

Get SALT Encoding   

Show
View Real Time Build Order
Export as new Build Order

scretious Terran - Winner!

Build Orders:  

Get SALT Encoding   

Tags
 
Add a new tag
Caveats
  • Supply blocks, unpowered buildings, or Contaminate may cause inaccurate times.
  • Supply counts are checked every 10 seconds.